 Dungeon Crawl Stone Soup version 0.25-a0-478-g33c61bd (webtiles) character file.

Game seed: 10169327078290128394, levelgen mode: deterministic

1193 Calixtus the Slasher (level 8, 0/61 HPs)
             Began as a Demonspawn Fighter on Feb 9, 2020.
             Succumbed to an orc warrior's poison
             ... on level 6 of the Dungeon.
             The game lasted 00:16:45 (6656 turns).

Calixtus the Slasher (Demonspawn Fighter)           Turns: 6656, Time: 00:16:45

Health: 0/61       AC: 14    Str: 18    XL:     8   Next: 20%
Magic:  8/8        EV:  5    Int: 11    God:
Gold:   393        SH: 10    Dex: 16    Spells: 7/7 levels left

rFire    . . .     SeeInvis +   a - +1 long sword
rCold    + . .     Gourm    .   c - +0 shield
rNeg     . . .     Faith    .   m - +0 chain mail
rPois    .         Spirit   .   q - +0 helmet {SInv}
rElec    .         Reflect  .   d - +0 cloak
rCorr    +         Harm     .   (no gloves)
MR       .....                  g - +1 pair of boots
Stlth    ..........             (no amulet)
HPRegen  0.20/turn              k - +2 ring of intelligence
MPRegen  0.11/turn              b - ring of resist corrosion

@: lethally poisoned (0 -> -18)
A: hooves 1, thin skeletal structure 1, cold resistance 1
a: no special abilities


You were on level 6 of the Dungeon.
You were not hungry.

You visited 1 branch of the dungeon, and saw 6 of its levels.
You also visited: Ossuary.

You collected 393 gold pieces.

Inventory:

Hand Weapons
 a - a +1 long sword (weapon)
Armour
 c - a +0 shield (worn)
 d - a +0 cloak (worn)
 g - a +1 pair of boots (worn)
 m - a +0 chain mail (worn)
 q - a +0 helmet of see invisible (worn)
Jewellery
 b - a ring of resist corrosion (right hand)
 k - a +2 ring of intelligence (left hand)
Wands
 o - a wand of scattershot (7)
 p - a wand of clouds (4)
Scrolls
 h - a scroll of teleportation
 i - 2 scrolls of blinking
 j - 2 scrolls of enchant armour
 y - a scroll of amnesia
 z - a scroll of identify
 A - 2 scrolls of remove curse
Potions
 e - 2 potions of invisibility
 l - 2 potions of curing
 n - a potion of heal wounds
 r - 2 potions of cancellation
 s - a potion of might
 t - a potion of resistance
 u - 2 potions of magic
 v - 3 potions of degeneration {unknown}
 w - 2 potions of mutation {unknown}
Comestibles
 f - 2 rations


   Skills:
 + Level 4.6 Fighting
 + Level 6.1 Long Blades
 + Level 4.7 Armour
 - Level 1.0 Dodging
 - Level 0.5 Stealth
 + Level 4.9 Shields


You had 7 spell levels left.
You didn't know any spells.
Your spell library contained the following spells:

 Spells                   Type           Power        Failure   Level  Hunger
 Confusing Touch          Hex            #.......     100%        3    ####...
 Gell's Gravitas          Tloc           #.........   100%        3    ####...
 Petrify                  Tmut/Erth      #.......     100%        4    #####..
 Metabolic Englaciation   Hex/Ice        #.........   100%        5    ######.
 Yara's Violent Unravell  Hex/Tmut       #.........   100%        5    ######.


Dungeon Overview and Level Annotations

Branches:
Dungeon (6/15)            Ossuary (visited)
 Temple: D:4-7

Altars:
Cheibriados
Dithmenos
Trog


Innate Abilities, Weirdness & Mutations

You have large cloven feet.
You have a somewhat thin skeletal structure. (Dex +2, Stealth)
Your flesh is cold resistant. (rC+)


Message History

* * * LOW HITPOINT WARNING * * *
You feel very sick. You block the orc warrior's attack.
You completely miss the orc warrior.
The orc warrior is moderately wounded.
* * * LOW HITPOINT WARNING * * *
You feel very sick. You block the orc warrior's attack.
You closely miss the orc warrior.
The orc warrior is moderately wounded.
* * * LOW HITPOINT WARNING * * *
You feel very sick. You block the orc warrior's attack.
You hit the orc warrior.
The orc warrior is heavily wounded.
* * * LOW HITPOINT WARNING * * *
You feel sick. You block the orc warrior's attack.
You hit the orc warrior.
The orc warrior is heavily wounded.
You die...

........# ........#######
..............#
..............#
..............#
..............# #.
..............###
.##'###########.........
......o@......#.........
.#....)........)........
######
##..###.#####.######...
.....# ######.##....# .
...).# #.......'....#
.##'########.......#....#
.#....'...##...###.#....#
.#....#...##..[###.##+#.#
.#######'###............#


You could see an orc warrior.

Vanquished Creatures
  A hungry ghost (D:6)
  An ogre (D:6)
  A bullfrog (D:6)
  A crimson imp (D:5)
  A centaur zombie (Ossuary)
  An orc priest (D:3)
  2 centaur skeletons
  Crazy Yiuf (D:2)
  3 hounds
  4 orc wizards
  An iguana (D:5)
  5 worker ants
  A hound skeleton (D:4)
  3 mummies (Ossuary)
  A worker ant zombie (D:5)
  8 adders
  A shadow imp (D:5)
  4 oozes
  An adder zombie (D:6)
  5 worms
  5 dart slugs
  A leopard gecko (D:3)
  25 orcs
  4 ball pythons
  8 bats
  4 giant cockroaches
  A gnoll zombie (Ossuary)
  8 hobgoblins
  3 jackals (D:2)
  A quokka (D:3)
  3 frilled lizards
  5 goblins
  3 goblin zombies (Ossuary)
  11 kobolds
  2 kobold zombies (Ossuary)
  A leopard gecko zombie (D:4)
  An orc zombie (Ossuary)
  8 rats
140 creatures vanquished.

Vanquished Creatures (others)
  A sky beast (D:4)
1 creature vanquished.

Grand Total: 141 creatures vanquished

Notes
Turn   | Place    | Note
-------+----------+-------------------------------------------
     0 | D:1      | Calixtus the Demonspawn Fighter began the quest for the
                  | Orb.
     0 | D:1      | Reached XP level 1. HP: 18/18 MP: 1/1
   225 | D:1      | Gained mutation: Your flesh is cold resistant. (rC+)
                  | [demonic ancestry]
   225 | D:1      | Reached XP level 2. HP: 23/24 MP: 2/2
   452 | D:1      | Reached skill level 2 in Long Blades
   725 | D:2      | Reached XP level 3. HP: 11/29 MP: 3/3
  1097 | D:2      | Found a faded altar of an unknown god.
  1513 | D:2      | Gained mutation: You have large cloven feet. [demonic
                  | ancestry]
  1513 | D:2      | Reached XP level 4. HP: 35/35 MP: 4/4
  1961 | D:2      | Found a runed translucent door.
  1962 | D:2      | Noticed Crazy Yiuf
  2050 | D:2      | Killed Crazy Yiuf
  2354 | D:2      | Reached skill level 3 in Long Blades
  2526 | D:3      | Reached XP level 5. HP: 35/41 MP: 5/5
  3413 | D:4      | Found a bloodstained altar of Trog.
  3551 | D:4      | Reached skill level 1 in Dodging
  3551 | D:4      | Reached XP level 6. HP: 40/48 MP: 6/6
  3580 | D:4      | Found a shadowy altar of Dithmenos.
  3602 | D:4      | Found a snail-covered altar of Cheibriados.
  3821 | D:4      | Reached skill level 4 in Long Blades
  3934 | D:4      | Noticed a sky beast
  3954 | D:4      | Killed a sky beast
  4904 | D:5      | Entered Level 5 of the Dungeon
  4931 | D:5      | Got a steaming scale mail
  4942 | D:5      | Identified the +0 scale mail of Melancholy {rN+} (You found
                  | it on level 5 of the Dungeon)
  4993 | D:5      | Reached XP level 7. HP: 42/54 MP: 7/7
  5438 | D:5      | Found a glowing drain.
  5485 | D:5      | Found a sand-covered staircase.
  5494 | Ossuary  | Entered an ossuary
  5534 | Ossuary  | Reached skill level 5 in Long Blades
  6441 | D:6      | Noticed a hungry ghost
  6454 | D:6      | Gained mutation: You have a somewhat thin skeletal
                  | structure. (Dex +2, Stealth) [demonic ancestry]
  6454 | D:6      | Reached XP level 8. HP: 48/61 MP: 8/8
  6496 | D:6      | Reached skill level 6 in Long Blades
  6654 | D:6      | HP: 3/61 [poisoned by an orc warrior]
  6656 | D:6      | Succumbed to an orc warrior's poison

Levels and vault maps discovered:
D:1:      dpeg_arrival_shrine, layout_basic
D:2:      layout_loops_ring, chequers_ecumenical_altar_island,
          palyth_stone_intersect, serial_bayou_crossing, uniq_crazy_yiuf_cottage
D:3:      layout_rooms, minmay_checkerbox
D:4:      layout_basic, kennysheep_slug_shrine,
          nicolae_dithmenos_through_a_glass_darkly, lemuel_altar_in_water
D:5:      layout_rooms, nicolae_ossuary_entry_ruins,
          cheibrodos_sewer_entry_sluice, first_ration
D:6:      layout_gridville, minmay_temple_entry_nine_rooms,
          hangedman_decor_riveting

Skill      XL: |  1  2  3  4  5  6  7  8 |
---------------+-------------------------+-----
Long Blades    | 2 3 4 5 6 |  6.1
Shields        | 3 4 |  4.9
Armour         | 3 4 |  4.7
Dodging        | 1 |  1.0
Fighting       | 4 |  4.6
Stealth        | |  0.5

Action                   |  1- 3 |  4- 6 |  7- 9 || total
-------------------------+-------+-------+-------++-------
Melee: Long sword        |   105 |   318 |   244 ||   667
Evoke: Wand              |       |       |     1 ||     1
  Use: Potion            |     1 |     3 |     1 ||     5
       Scroll            |       |     6 |     8 ||    14
 Stab: Invisible         |     2 |       |       ||     2
       Confused          |       |       |     1 ||     1
  Eat: Chunk             |     1 |     8 |     6 ||    15
       Ration            |       |     1 |     4 ||     5
Armor: Scale mail        |    33 |   144 |    12 ||   189
       Chain mail        |       |       |   137 ||   137
Dodge: Dodged            |    26 |    92 |    50 ||   168
Block: Shield            |    54 |   176 |   134 ||   364
       Rpst.: Long sword |     6 |    24 |    13 ||    43

Table legend:
 A = Non-vault XP
 B = Vault XP
 C = Vault XP percentage of total XP
 D = Non-vault monster count
 E = Vault monster count
 F = Vault count percentage of total count
                 A         B        C        D         E       F
            +---------+---------+-------+---------+---------+-------
      Total |    1541 |     164 |   9.6 |     122 |      19 |  13.5
            +---------+---------+-------+---------+---------+-------
        D:1 |      36 |       0 |   0.0 |      21 |       0 |   0.0
        D:2 |      94 |      41 |  30.4 |      24 |       1 |   4.0
        D:3 |     135 |       5 |   3.6 |      25 |       4 |  13.8
        D:4 |     351 |       4 |   1.1 |      16 |       1 |   5.9
        D:5 |     301 |       3 |   1.0 |      17 |       2 |  10.5
        D:6 |     624 |       0 |   0.0 |      19 |       0 |   0.0
    Ossuary |       0 |     111 | 100.0 |       0 |      11 | 100.0
            +---------+---------+-------+---------+---------+-------
